 Dungeon Crawl Stone Soup version 0.30-a0-1112-gfb780f5df6 (webtiles) character file.

Game seed: 3587530194434857263

36575 sanka the Brawler (level 13, -6/139 HPs)
             Began as a Troll Monk on Apr 19, 2023.
             Was the Champion of Okawaru.
             Mangled by a freezing wraith (17 damage)
             ... led by a death knight
             ... on level 14 of the Dungeon.
             The game lasted 00:29:05 (12419 turns).

sanka the Brawler (Troll Monk)                     Turns: 12419, Time: 00:29:06

Health: -6/139     AC: 15    Str: 32    XL:     13   Next: 53%
Magic:  19/19      EV: 18    Int:  6    God:    Okawaru [******]
Gold:   660        SH:  0    Dex: 12    Spells: 12/12 levels left

rFire   . . .      SeeInvis .      - Unarmed
rCold   . . .      Faith    .    c - orb {light}
rNeg    . . .      Spirit   .    J - +0 acid dragon scales
rPois   .          Reflect  .    (helmet restricted)
rElec   .          Rampage  .    d - +1 cloak of Starlight {*Dazzle EV+4 Stlth--}
rCorr   +                        (gloves unavailable)
Will    .....                    (boots unavailable) Stlth
                                 T - amulet of the acrobat
HPRegen 1.23/turn                r - ring "Irucifoo" {Fly rCorr Str+6}
MPRegen 0.16/turn                O - +4 ring of protection

@: heroic, flying, glowing, studying Fighting
A: large, unfitting armour, claws 3, regeneration 1, shaggy fur 1, tough skin 1
a: Renounce Religion, Heroism, Finesse, Duel


You were on level 14 of the Dungeon.
You worshipped Okawaru.
Okawaru was exalted by your worship.
You visited 2 branches of the dungeon, and saw 15 of its levels.
You also visited: Gauntlet.

You collected 1199 gold pieces.
You spent 539 gold pieces at shops.


Innate Abilities, Weirdness & Mutations

You are too large for most types of armour.
You have claws for hands.
Your natural rate of healing is unusually fast.
You are covered in fur. (AC +1)
You have tough skin. (AC +1)


   Skills:
 + Level 11.8(16.8) Fighting
 + Level 8.7(13.7) Dodging
 - Level 15.0(20.0) Unarmed Combat
 - Level 10.0 Invocations


You had 12 spell levels left.
You didn't know any spells.
Your spell library contained the following spells:

 Spells                   Type           Power      Damage    Failure   Level
 Blink                    Tloc           0%         N/A       65%         2
 Cigotuvi's Dreadful Rot  Necr/Pois/Air  0%         N/A       65%         2
 Lesser Beckoning         Tloc           0%         N/A       65%         2
 Momentum Strike          Conj/Tloc      0%         3d8       65%         2
 Dazzling Flash           Conj/Hex       0%         N/A       86%         3
 Ignite Poison            Fire/Tmut/Pois 0%         N/A       86%         3
 Portal Projectile        Hex/Tloc       0%         N/A       86%         3
 Vhi's Electric Charge    Tloc/Air       0%         N/A       86%         3
 Volatile Blastmotes      Fire/Tloc      0%         2d10      86%         3
 Iskenderun's Mystic Bla  Conj/Tloc      0%         2d3       99%         4
 Arcjolt                  Conj/Air       0%         1d10      100%        5
 Blade Hands              Tmut           0%         N/A       100%        5
 Freezing Cloud           Conj/Ice/Air   0%         6-21      100%        5
 Plasma Beam              Fire/Air       0%         2x1d11    100%        6
 Starburst                Conj/Fire      0%         6d3       100%        6
 Orb of Destruction       Conj           0%         9d5       100%        7
 Summon Guardian Golem    Hex/Summ       Unusable   N/A       N/A         3
 Tukima's Dance           Hex            Unusable   N/A       N/A         3
 Spellforged Servitor     Conj/Summ      Unusable   N/A       N/A         7

Inventory:

Hand Weapons
 b - a +3 scimitar of flaming
 N - a +3 dagger of distortion
Missiles
 e - 8 curare-tipped darts {=f}
 k - 9 javelins (quivered)
 H - 7 silver javelins
 Q - 2 throwing nets {=f}
 S - 8 large rocks {=f}
Armour
 c - an orb of light (worn)
 d - the +1 cloak of Starlight (worn) {*Dazzle EV+4 Stlth--} *Dazzle: It may blind those who miss an attack against the wearer in melee combat. EV: It affects your evasion (+4). Stlth: It makes you much less stealthy.
 J - +0 acid dragon scales (worn)
 L - a +2 robe of resistance
Magical Staves
 m - a staff of air
Jewellery
 r - the ring "Irucifoo" (left claw) {Fly rCorr Str+6}

   [ring of flight]

   Str:       It affects your strength (+6).
   Fly:       It grants you flight.
   rCorr:     It protects you from acid and corrosion.
 C - a ring of positive energy
 O - a +4 ring of protection (right claw)
 T - an amulet of the acrobat (around neck)
Wands
 l - a wand of roots (9)
 F - a wand of flame (18)
 K - a wand of mindburst (6)
 P - a wand of polymorph (12)
 W - a wand of digging (7)
Scrolls
 f - 10 scrolls of teleportation {@r4}
 g - a scroll of magic mapping
 i - 3 scrolls of vulnerability {!r}
 j - 4 scrolls of torment {!r}
 s - 2 scrolls of enchant armour
 u - 7 scrolls of poison {!r}
 w - 3 scrolls of noise {!r}
 y - 6 scrolls of immolation {!r}
 z - 4 scrolls of fog
 A - 5 scrolls of blinking
 M - 3 scrolls of acquirement {unknown}
Potions
 a - 3 potions of mutation {unknown}
 h - 3 potions of degeneration {unknown}
 n - 2 potions of brilliance {unknown}
 o - 4 potions of invisibility {unknown}
 p - 3 potions of haste {@q3}
 q - 5 potions of might
 t - 2 potions of resistance {unknown}
 v - 4 potions of curing {@q1}
 x - 4 potions of flight
 B - 2 potions of lignification {!q}
 D - 2 potions of cancellation
 E - 2 potions of berserk rage {!q}
 G - 6 potions of heal wounds {@q2}
 R - a potion of ambrosia
Miscellaneous
 X - a lightning rod (4/4)

Dungeon Overview and Level Annotations

Branches:
Dungeon (14/15)            Temple (1/1) D:4            Lair (0/5) D:9
    Orc (0/2) D:9         Gauntlet (visited)
 Vaults: D:13-14

Altars:
Ashenzari
Cheibriados
Dithmenos
Elyvilon
Fedhas
Gozag
Hepliaklqana
Kikubaaqudgha
Makhleb
Nemelex Xobeh
Okawaru
Qazlal
Ru
Sif Muna
Trog
Uskayaw
Vehumet
Wu Jian
Xom
Yredelemnul
Zin
The Shining One

Shops:
D:6 *   D:13 !

Annotations:
D:9 exclusion: 2 downstairs

.. ...
▒. .. ▒.
.▒
▒.▒▒▒. ▒
▒c...▒
▒.▒c.▒.▒
▒....c.▒
▒(cc.T.▒
▒..WW▒W▒
▒....▒.▒
▒......▒
+......▒
▒......▒
▒...)▒.▒
▒....▒.▒
▒.▒..▒.▒


You could see a centaur warrior (blind, fleeing), a phantasmal warrior, 2
freezing wraiths and 4 centaurs.


Message History

* * * LOW HITPOINT WARNING * * *
The centaur kicks you but does no damage.
The phantasmal warrior hits you!!
* * * LOW HITPOINT WARNING * * *
The freezing wraith barely misses you. The freezing wraith barely misses you.
The centaur warrior unwields a +0 shortbow.
The centaur warrior completely misses you.
The centaur warrior is blinded by the light from your cloak!
The centaur warrior kicks you.
* * * LOW HITPOINT WARNING * * *
The centaur hits you but does no damage.
The centaur kicks you but does no damage.
As you read the scroll of fear, it crumbles to dust.
You assume a fearsome visage.
The freezing wraith is unaffected.
The freezing wraith is unaffected.
The phantasmal warrior is unaffected.
The centaur warrior looks frightened!
The centaur looks frightened!
The centaur looks frightened!
The centaur looks frightened!
The centaur looks frightened!
The centaur warrior misses you. The centaur warrior closely misses you.
The phantasmal warrior closely misses you.
The freezing wraith hits you.
* * * LOW HITPOINT WARNING * * *
The freezing wraith freezes you!
You die...

Action                     |  1- 3 |  4- 6 |  7- 9 | 10-12 | 13-15 || total
---------------------------+-------+-------+-------+-------+-------++-------
  Melee: Unarmed           |    56 |   105 |   158 |   467 |   109 ||   895
  Throw: Javelin           |       |       |     1 |     2 |       ||     3
 Invoke: Heroism           |       |       |     4 |     9 |     3 ||    16
  Evoke: Wand              |       |       |       |     5 |     6 ||    11
    Use: Scroll            |       |       |    11 |     7 |     1 ||    19
         Potion            |       |       |       |     1 |     2 ||     3
 Armour: Robe              |    14 |    22 |    11 |       |       ||    47
         Steam dragon scal |       |       |    24 |    11 |       ||    35
         Acid dragon scale |       |       |       |   136 |    48 ||   184
  Dodge: Dodged            |    23 |    45 |    89 |   216 |   136 ||   509

Levels and vault maps discovered:
D:1:      mrwooster_arrival_statue_3, layout_basic, st_stairs_14
D:2:      layout_rooms, hellmonk_ecumenical_altar_arch_garden,
          minmay_hexomino_u4
D:3:      layout_basic, chequers_temple_overflow_statue_of_worship,
          xom_redecorated, mainiacjoe_overflow_concentric_impassable,
          gammafunk_ghost_gnarly_gnolls
D:4:      layout_loops_cross, temple_hall
D:5:      layout_rooms, general_overflow_altar, makhleb_blood_cavern_becter,
          mainiacjoe_overflow_alcove_1, chequers_decorated_corner,
          eino_small_chamber_without_monster
D:6:      cheibrodos_barr_body, layout_basic, serial_shops,
          nicolae_stop_n_shop_1, uniq_duvessa, uniq_edmund, uniq_menkaure
D:7:      layout_loops_ring, chequers_serial_rivers_room_a,
          minmay_chambers_of_fives
D:8:      layout_loops_corners, serial_bayou_pond_b
D:9:      layout_stronghold, mainiacjoe_overflow_paths, erik_lair_island,
          orc_0_dummy
D:10:     layout_loops_ring, uniq_erolcha, uniq_josephine
D:11:     cheibrodos_statue_roulette, layout_irregular_city, uniq_psyche
D:12:     kennysheep_ambush_hall, layout_small_grid, trog_hazing_becter,
          uniq_sonja
D:13:     layout_small_grid, serial_shops, shop_coins, gauntlet_entry_generic,
          serial_bayou, serial_bayou_pond_b, serial_bayou_pond_c,
          serial_bayou_pond_e, serial_bayou_lake_a
D:14:     layout_stronghold, erik_vaults_2, minmay_misc_feat_four_crosses,
          ashenzari_conservatory_becter
Temple:   nicolae_temple_no_exploring_needed

Notes
Turn   | Place    | Note
-------+----------+-------------------------------------------
     0 | D:1      | sanka the Troll Monk began the quest for the Orb.
     0 | D:1      | Reached XP level 1. HP: 22/22 MP: 0/0
   118 | D:1      | Reached XP level 2. HP: 29/29 MP: 1/1
   162 | D:1      | Reached skill level 4 in Unarmed Combat
   221 | D:1      | Reached XP level 3. HP: 32/36 MP: 2/2
   670 | D:2      | Found a faded altar of an unknown god.
   674 | D:2      | Reached XP level 4. HP: 44/44 MP: 3/3
   722 | D:2      | Reached skill level 5 in Unarmed Combat
   972 | D:2      | Identified the ring "Irucifoo" {Fly rCorr Str+6}
  1165 | D:3      | Found a shimmering altar of Xom.
  1166 | D:3      | Found a shimmering altar of Xom.
  1195 | D:3      | Found a shimmering altar of Xom.
  1195 | D:3      | Found a shimmering altar of Xom.
  1249 | D:3      | Found a hide-covered altar of Uskayaw.
  1385 | D:3      | Reached XP level 5. HP: 50/50 MP: 4/4
  1472 | D:3      | Found a transporter.
  1490 | D:3      | Noticed Pim's ghost (amateur OpTm)
  1522 | D:3      | Found a transporter.
  1636 | D:3      | Found a shadowy altar of Dithmenos.
  1637 | D:3      | Found a hazy altar of Hepliaklqana.
  1637 | D:3      | Found a glowing silver altar of Zin.
  1638 | D:3      | Found an opulent altar of Gozag.
  1755 | D:4      | Reached skill level 6 in Unarmed Combat
  2104 | D:4      | Noticed a black bear
  2107 | D:4      | Killed a black bear
  2108 | D:4      | Reached skill level 7 in Unarmed Combat
  2108 | D:4      | Reached XP level 6. HP: 47/59 MP: 5/5
  2336 | D:4      | Found a staircase to the Ecumenical Temple.
  2347 | Temple   | Entered the Ecumenical Temple
  2561 | D:5      | Entered Level 5 of the Dungeon
  2572 | D:5      | Reached skill level 8 in Unarmed Combat
  2572 | D:5      | Reached XP level 7. HP: 66/66 MP: 6/6
  2579 | D:5      | Found an iron altar of Okawaru.
  2591 | D:5      | Became a worshipper of Warmaster Okawaru
  2591 | D:5      | Reached * piety under Okawaru
  2591 | D:5      | Reached ** piety under Okawaru
  2758 | D:5      | Reached skill level 1 in Invocations
  2870 | D:5      | Found a burning altar of Makhleb.
  2877 | D:5      | Reached skill level 2 in Invocations
  2990 | D:5      | Found a glowing golden altar of the Shining One.
  3078 | D:6      | Found Riczean's General Store.
  3097 | D:6      | Bought a scroll of blinking for 105 gold pieces
  3097 | D:6      | Bought a potion of lignification for 42 gold pieces
  3202 | D:6      | Noticed Edmund
  3211 | D:6      | Killed Edmund
  3212 | D:6      | Reached skill level 9 in Unarmed Combat
  3212 | D:6      | Reached skill level 3 in Invocations
  3238 | D:6      | Reached XP level 8. HP: 72/74 MP: 9/9
  3279 | D:6      | Noticed Menkaure
  3283 | D:6      | Killed Menkaure
  3318 | D:6      | Noticed Dowan
  3322 | D:6      | Noticed Duvessa
  3329 | D:6      | Killed Duvessa
  3330 | D:6      | Reached skill level 4 in Invocations
  3337 | D:6      | Killed Dowan
  3514 | D:6      | Reached *** piety under Okawaru
  3747 | D:6      | Identified +0 steam dragon scales
  3757 | D:6      | Reached skill level 10 in Unarmed Combat
  3757 | D:6      | Reached skill level 5 in Invocations
  3817 | D:6      | Noticed a troll
  3821 | D:6      | Killed a troll
  3822 | D:6      | Reached skill level 3 in Fighting
  3822 | D:6      | Reached skill level 3 in Dodging
  3823 | D:6      | Reached XP level 9. HP: 54/83 MP: 8/11
  4058 | D:6      | Bought a potion of cancellation for 112 gold pieces
  4058 | D:6      | Bought a potion of berserk rage for 70 gold pieces
  4091 | D:7      | Reached skill level 4 in Fighting
  4091 | D:7      | Reached skill level 4 in Dodging
  4173 | D:7      | Reached **** piety under Okawaru
  4313 | D:7      | Received a gift from Okawaru
  4314 | D:7      | Reached skill level 5 in Fighting
  4314 | D:7      | Reached skill level 5 in Dodging
  4461 | D:7      | Identified +0 steam dragon scales
  5019 | D:8      | Noticed a two-headed ogre
  5025 | D:8      | Killed a two-headed ogre
  5026 | D:8      | Reached skill level 6 in Fighting
  5026 | D:8      | Reached skill level 6 in Dodging
  5026 | D:8      | Reached XP level 10. HP: 89/100 MP: 9/12
  5053 | D:8      | Reached ***** piety under Okawaru
  5376 | D:8      | Reached skill level 7 in Fighting
  5966 | D:9      | Reached skill level 8 in Fighting
  6054 | D:9      | Identified +0 acid dragon scales
  6105 | D:9      | Identified the scarf "Ynudeogu" {+Inv, *Slow Str+3 Dex+2
                  | SInv} (Okawaru gifted it to you on level 9 of the Dungeon)
  6105 | D:9      | Received a gift from Okawaru
  6142 | D:9      | Found a staircase to the Lair.
  6294 | D:9      | Noticed a two-headed ogre
  6299 | D:9      | Killed a two-headed ogre
  6300 | D:9      | Reached skill level 6 in Invocations
  6472 | D:9      | Reached skill level 11 in Unarmed Combat
  6478 | D:9      | Reached XP level 11. HP: 80/111 MP: 13/15
  6622 | D:9      | Found a staircase to the Orcish Mines.
  6741 | D:9      | Found a snail-covered altar of Cheibriados.
  7003 | D:10     | Entered Level 10 of the Dungeon
  7021 | D:10     | Reached skill level 7 in Invocations
  7118 | D:10     | Noticed a death knight
  7125 | D:10     | Killed a death knight
  7257 | D:10     | Noticed a tengu warrior
  7261 | D:10     | Killed a tengu warrior
  7381 | D:10     | Reached skill level 12 in Unarmed Combat
  7381 | D:10     | Reached skill level 8 in Invocations
  7503 | D:10     | Identified a +2 robe of resistance
  7503 | D:10     | Noticed Josephine
  7517 | D:10     | Killed Josephine
  7567 | D:10     | Noticed Erolcha
  7581 | D:10     | Killed Erolcha
  7663 | D:10     | Identified the +7 falchion "Luethroth" {drain, *Corrode rN+
                  | MP-9 Int+9}
  7890 | D:11     | Noticed a green ugly thing
  7906 | D:11     | Killed a green ugly thing
  7907 | D:11     | Reached skill level 9 in Invocations
  8105 | D:11     | Noticed a boulder beetle
  8128 | D:11     | Killed a boulder beetle
  8128 | D:11     | Received a gift from Okawaru
  8279 | D:11     | Reached skill level 13 in Unarmed Combat
  8404 | D:11     | Reached XP level 12. HP: 96/119 MP: 18/18
  8696 | D:11     | Noticed Psyche
  8703 | D:11     | Killed Psyche
  9297 | D:3      | Killed Pim's ghost
  9496 | D:12     | Reached skill level 10 in Invocations
  9702 | D:12     | Found a bloodstained altar of Trog.
  9778 | D:12     | Identified the +2 robe "Nougor" {Int+5} (Okawaru gifted it
                  | to you on level 12 of the Dungeon)
  9778 | D:12     | Received a gift from Okawaru
  9790 | D:12     | Noticed a boulder beetle
  9802 | D:12     | Reached skill level 14 in Unarmed Combat
 10134 | D:12     | Noticed Sonja
 10157 | D:12     | Killed Sonja
 10157 | D:12     | HP: 5/119 [yak (10)]
 10160 | D:12     | Reached skill level 15 in Unarmed Combat
 10162 | D:12     | HP: 5/119 [poisoned by Sonja (curare-tipped dart)]
 10670 | D:12     | Killed a boulder beetle
 10679 | D:13     | Noticed a catoblepas
 10679 | D:13     | Noticed a tengu warrior
 10679 | D:13     | Noticed a tengu warrior
 10743 | D:12     | Killed a tengu warrior
 10878 | D:13     | Found Linelexi's Distillery.
 10899 | D:13     | Bought a potion of haste for 150 gold pieces
 10899 | D:13     | Bought a potion of might for 60 gold pieces
 10929 | D:13     | Reached skill level 9 in Fighting
 10944 | D:13     | Noticed a boulder beetle
 10952 | D:13     | Found a gate leading to a gauntlet.
 10962 | Gauntlet | Entered a Gauntlet
 10962 | Gauntlet | Noticed a catoblepas
 10962 | Gauntlet | Found a transporter.
 10977 | Gauntlet | Found a transporter.
 10979 | Gauntlet | Found the +1 cloak of Starlight {*Dazzle EV+4 Stlth--}
 10980 | Gauntlet | Found a transporter.
 10981 | Gauntlet | Found a transporter.
 10984 | Gauntlet | Noticed a tengu warrior
 10989 | Gauntlet | Found a transporter.
 10992 | Gauntlet | Found a transporter.
 10993 | Gauntlet | Found a transporter.
 11002 | Gauntlet | Found a transporter.
 11005 | Gauntlet | Found a transporter.
 11006 | Gauntlet | Found a transporter.
 11017 | Gauntlet | Found a transporter.
 11018 | Gauntlet | Found a transporter.
 11024 | Gauntlet | Found a runed translucent gate.
 11026 | Gauntlet | Found a runed translucent gate.
 11026 | Gauntlet | Found a transporter.
 11027 | Gauntlet | Noticed a green death
 11028 | Gauntlet | Found a runed translucent gate.
 11060 | Gauntlet | Found a transporter.
 11138 | Gauntlet | Killed a catoblepas
 11142 | Gauntlet | Reached skill level 7 in Dodging
 11217 | Gauntlet | Killed a tengu warrior
 11219 | Gauntlet | Reached XP level 13. HP: 111/132 MP: 17/19
 11352 | Gauntlet | Reached skill level 10 in Fighting
 11413 | Gauntlet | Killed a green death
 11418 | Gauntlet | Identified the +5 hand axe of Eternal Vigilance {protect,
                  | Drain rC++ Will+ Int+9}
 11436 | Gauntlet | Noticed a minotaur
 11444 | Gauntlet | Killed a minotaur
 11566 | D:13     | Reached skill level 8 in Dodging
 11568 | D:13     | HP: 10/136 [manticore (7)]
 11571 | D:13     | Reached skill level 11 in Fighting
 11700 | D:13     | Reached ****** piety under Okawaru
 11988 | D:13     | Received a gift from Okawaru
 12418 | D:14     | HP: 11/139 [centaur warrior (3)]
 12419 | D:14     | Mangled by a freezing wraith

Vanquished Creatures
  A minotaur (Gauntlet)
  A green death (Gauntlet)
  Josephine (D:10)
  Erolcha (D:10)
  A centaur warrior (D:13)
  2 catoblepae
  2 death knights
  3 boulder beetles
  2 two-headed ogres
  4 tengu warriors
  Sonja (D:12)
  A skeletal warrior (D:14)
  A necromancer (Gauntlet)
  2 ugly things
  3 cyclopes (D:13)
  5 manticores
  An apocalypse crab (Gauntlet)
  An orange demon (Gauntlet)
  Psyche (D:11)
  7 gargoyles
  2 unseen horrors (D:12)
  2 efreet
  3 tengu conjurers
  5 trolls
  A hornet (D:8)
  The ghost of Pim the Insei, an amateur OpTm (D:3)
  6 slime creatures
  A vampire (D:12)
  3 wyverns
  9 wraiths
  3 shadows (D:12)
  23 yaks
  A water elemental (D:13)
  A basilisk (D:13)
  2 vampire mosquitoes (D:12)
  6 steam dragons
  Menkaure (D:6)
  Edmund (D:6)
  A water moccasin (D:7)
  4 acid dragons
  An orc warrior (D:9)
  2 sky beasts (D:6)
  3 black bears
  Duvessa (D:6)
  2 ice beasts (D:5)
  6 wolves
  An ogre (D:4)
  13 centaurs
  3 phantoms (D:6)
  A gnoll sergeant (D:11)
  A necrophage (D:5)
  9 bullfrogs
  4 scorpions
  5 wights (D:10)
  2 jellies
  Dowan (D:6)
  4 killer bees (D:10)
  8 electric eels
  2 howler monkeys
  8 hounds
  2 orc priests
  A gnoll bouda (D:3)
  A sleepcap (D:6)
  3 iguanas
  12 orc wizards
  A hound skeleton (D:5)
  11 gnolls
  13 adders
  2 shadow imps
  2 white imps
  3 ufetubi (D:5)
  2 worms
  A dart slug (D:4)
  29 orcs
  4 bats
  7 endoplasms
  2 giant cockroaches
  5 goblins
  9 hobgoblins
  5 jackals
  5 kobolds
  7 quokkas
  6 ball pythons
  3 frilled lizards
  7 rats
337 creatures vanquished.

Vanquished Creatures (others)
  A water moccasin (D:7)
  A bullfrog (D:7)
  An adder (D:6)
  A fungus (Gauntlet)
  22 plants
26 creatures vanquished.

Grand Total: 363 creatures vanquished
